 Dungeon Crawl Stone Soup version 0.19-a0-1167-g79b6552 (webtiles) character file.

28 Lindan9 the Grave Robber (level 2, -3/19 HPs)
             Began as a Vampire Necromancer on Aug 14, 2016.
             Killed from afar by Sigmund (7 damage)
             ... with a puff of flame
             ... on level 2 of the Dungeon.
             The game lasted 00:03:38 (1362 turns).

Lindan9 the Grave Robber (Vampire Necromancer)      Turns: 1362, Time: 00:03:39

Health: -3/19      AC:  2    Str:  7    XL:     2   Next: 96%
Magic:  3/5        EV: 13    Int: 17    God:
Gold:   75         SH:  0    Dex: 14    Spells: 1 memorised, 4 levels left

rFire  . . .     SeeInvis +     e - +0 short sword
rCold  + . .     Gourm    .     a - +0 robe
rNeg   + + .     Faith    .     (no shield)
rPois  +         Spirit   .     (no helmet)
rElec  .         Dismiss  .     (no cloak)
rCorr  .         Reflect  .     (no gloves)
MR     .....     Harm     .     (no boots)
Stlth  +++.......               (no amulet)
                                (no ring)
                                (no ring)

@: regenerating slowly
A: fangs 3, see invisible, unbreathing
a: no special abilities


You were on level 2 of the Dungeon.
You were thirsty.

You visited 1 branch of the dungeon, and saw 2 of its levels.

You collected 75 gold pieces.

Inventory:

Hand Weapons
 e - a +0 short sword (weapon)
 f - a +0 short sword
Armour
 a - a +0 robe (worn)
Jewellery
 i - an uncursed ring of protection from magic {unknown}
Scrolls
 d - a scroll of identify {unknown}
 g - a scroll of fear {unknown}
 h - a scroll of fog {unknown}
 j - a scroll of immolation {unknown}
 k - a scroll of remove curse {unknown}
Potions
 c - 2 potions of blood
Books
 b - a book of Necromancy

   Spells                             Type                      Level
   a - Pain                           Necromancy                   1
   b - Animate Skeleton               Necromancy                   1
   c - Vampiric Draining              Necromancy                   3
   d - Regeneration                   Charms/Necromancy            3
   e - Animate Dead                   Necromancy                   4
   f - Control Undead                 Necromancy                   4


   Skills:
 + Level 0.1 Fighting
 + Level 2.3 Dodging
 + Level 3.2 Stealth
 + Level 2.3 Spellcasting
 + Level 5.0 Necromancy


You had 4 spell levels left.
You knew the following spells:

 Your Spells              Type           Power        Failure   Level  Hunger
a - Pain                  Necr           ###.         2%          1    #......


Dungeon Overview and Level Annotations

Branches:
Dungeon (2/15)

Altars:
Gozag

Annotations:
D:2 Sigmund


Innate Abilities, Weirdness & Mutations

You heal slowly.
You have razor-sharp teeth.
You have supernaturally acute eyesight. (SInv)
You can survive without breathing.


Message History

Sigmund is heavily wounded.
Sigmund hits you with a scythe!
Casting: Pain
Confirm with . or Enter, or press ? or * to list all spells.
Aiming: Pain
Press: ? - help, Shift-Dir - straight line, f - Sigmund
Aim: Sigmund, wielding a scythe and wearing a glowing robe (heavily wounded, chance to defeat MR: 84%) Sigmund writhes in agony!
Sigmund mumbles some strange words.
Sigmund flickers and vanishes for a moment.
Casting: Pain
Confirm with . or Enter, or press ? or * to list all spells.
Aiming: Pain
Press: ? - help, Shift-Dir - straight line, f/p - Sigmund
Aim: Sigmund, wielding a scythe and wearing a glowing robe (heavily wounded, slightly transparent, chance to defeat MR: 84%) Sigmund writhes in agony!
You are feeling thirsty.
Sigmund casts a spell at you. The puff of flame hits you!
You die...

#...................
#...................
#......._...........
#.......?......#####
#.)............#
#..............#
#........$.....#
#..............#
#..@...........#
#.@............#
################


You could see Sigmund (invisible).

Vanquished Creatures
  An adder (D:2)
  A dart slug (D:1)
  2 goblins (D:1)
  2 hobgoblins (D:1)
  4 kobolds (D:1)
  A bat (D:1)
  2 giant newts
  5 rats
18 creatures vanquished.

Notes
Turn   | Place    | Note
-------+----------+-------------------------------------------
     0 | D:1      | Lindan9 the Vampire Necromancer began the quest for the Orb.
     0 | D:1      | Reached XP level 1. HP: 13/13 MP: 3/3
   886 | D:1      | Reached XP level 2. HP: 18/19 MP: 1/5
  1227 | D:2      | Found an opulent altar of Gozag.
  1232 | D:2      | Reached skill level 5 in Necromancy
  1350 | D:2      | Noticed Sigmund
  1362 | D:2      | Killed from afar by Sigmund

Vault maps used:
D:1:      lemuel_arrival_lava_pool
D:2:      minmay_door_path, overflow_temple_1_default, ecumenical_altar_1,
          minmay_misc_feat_five, uniq_sigmund, uniq_iyjb

Skill      XL: |  1  2 |
---------------+-------+-----
Necromancy     | 5 |  5.0
Fighting       | |  0.1
Dodging        | |  2.3
Stealth        | |  3.2
Spellcasting   | |  2.3

Action                   || total
-------------------------++-------
Melee: Short sword       ||    15
       Unarmed           ||     3
 Cast: Pain              ||    25
 Stab: Sleeping          ||     3
  Eat: Corpse            ||     1
Armor: Robe              ||     3
Dodge: Dodged            ||    11
